 Dungeon Crawl Stone Soup version 0.29.0-4-gdea44cf6ec (webtiles) character file.

Game seed: 4942945513269789883

4792 qw the Cleaver (level 10, -5/64 HPs)
             Began as a Gargoyle Berserker on Sept 4, 2022.
             Was a Priest of Trog.
             Slain by an orc warrior
             ... wielding a +3 glaive
             ... summoned by an orange crystal statue
              (13 damage)
             ... on level 9 of the Dungeon.
             The game lasted 00:02:57 (10015 turns).

qw the Cleaver (Gargoyle Berserker)                Turns: 10015, Time: 00:02:58

Health: -5/64      AC: 21    Str: 24      XL:     10   Next: 48%
Magic:  10/10      EV:  8    Int:  8 (9)  God:    Trog [***...]
Gold:   337        SH:  5    Dex:  9      Spells: 9/9 levels left

rFire   . . .      SeeInvis .   Y - +1 war axe
rCold   . . .      Faith    .   k - +0 buckler
rNeg    + . .      Spirit   .   a - +0 chain mail
rPois   inf        Reflect  .   (no helmet)
rElec   +          Harm     .   e - +0 cloak
rCorr   .          Rampage  .   g - +0 pair of gloves
Will    +....                   b - +0 pair of boots
Stlth   ..........              (no amulet)
HPRegen 0.20/turn               f - ring of willpower
MPRegen 0.12/turn               (no ring)

@: on berserk cooldown, slowed, very slow
A: sickness immunity, AC +7, negative energy resistance 1, electricity
resistance, torment resistance 1, petrification resistance
a: Renounce Religion, Berserk, Trog's Hand


You were on level 9 of the Dungeon.
You worshipped Trog.
Trog was most pleased with you.
You visited 1 branch of the dungeon, and saw 9 of its levels.

You collected 449 gold pieces.
You spent 112 gold pieces at shops.


Innate Abilities, Weirdness & Mutations

You are immune to sickness and miasma.
Your stone body is resilient. (AC +7)
You are immune to poison.
You resist negative energy. (rN+)
You are resistant to electric shocks. (rElec)
You are resistant to unholy torment.
You are immune to petrification.


   Skills:
 - Level 8.2 Fighting
 + Level 10.1 Axes
 - Level 2.0 Throwing
 - Level 6.6 Armour
 - Level 1.5 Dodging
 - Level 5.8 Shields


You had 9 spell levels left.
You didn't know any spells.
Your spell library was empty.

Inventory:

Hand Weapons
 l - a +0 flail
 Y - a +1 war axe (weapon)
Armour
 a - a +0 chain mail (worn)
 b - a +0 pair of boots (worn)
 e - a +0 cloak (worn)
 g - a +0 pair of gloves (worn)
 k - a +0 buckler (worn)
Jewellery
 f - a ring of willpower (left hand)
 i - a ring of ice
Scrolls
 c - 3 scrolls of identify
 j - 3 scrolls of teleportation
Potions
 d - 2 potions of curing
 h - a potion of haste {unknown}
 m - 2 potions of might
 n - 2 potions of cancellation

Dungeon Overview and Level Annotations

Branches:
Dungeon (9/15)             Temple (0/1) D:5             Orc (0/2) D:9
   Lair: D:8-11

Altars:
Dithmenos
Sif Muna
Trog
Wu Jian

Shops:
D:2 =   D:3 [   D:8 (

Annotations:
D:6 2 transporters, qw's ghost, novice MiFi


Message History

You kill the kobold brigand!
The kobold brigand's corpse dissolves into shadows!
The orc warrior hits you from afar with a +3 glaive.
An orc comes into view. It is wielding a +0 mace of protection.
The orc shouts!
You hear a shout!
You slash the orc warrior!
The orc warrior is heavily wounded.
The orange crystal statue glitters.
You are confused.
The orc warrior hits you with a +3 glaive!
The orange crystal statue glitters.
The orc warrior hits you with a +3 glaive!
You feel a strong urge to attack something.
You hit the orc warrior but do no damage.
The orc warrior is heavily wounded.
The orc warrior barely misses you.
You are no longer berserk.
You are exhausted.
You feel yourself slow down.
The orange crystal statue glitters.
You are more confused.
The orc warrior hits you with a +3 glaive!
10014 ||| DRINKING 3 potions of curing.
You feel better.
10014 ||| (to cure confusion)
The orange crystal statue glitters.
The troll barely misses you. You block the troll's attack.
The troll claws you but does no damage.
The cyan ugly thing stings you but does no damage.
The orc warrior hits you with a +3 glaive!
You hit the orc warrior but do no damage.
The orc warrior is heavily wounded.
You slash the cyan ugly thing! You closely miss the troll.
The killer bee dissolves into shadows!
The centaur dissolves into shadows!
A death yak comes into view.
An orc warrior comes into view. It is wielding a +0 glaive.
The troll barely misses you. The troll claws you but does no damage.
The troll closely misses you. The cyan ugly thing stings you!
The cyan ugly thing shocks you. You resist.
The orc warrior hits you with a +3 glaive!
You die...

.............#
.<..
..Y...........#
#.
..............# #
..............##
#
....$8ly......o.
##
....y.........#
#. ............#
##. ......Tou..#
#..# #..
.......@oo.##
#..###..
............##
#.......
...$####.....##
#.....## ..#
##.....###.....#
. #.............#
##............#
##...........##
#.........#......
........##.......


You could see a death yak, an orange crystal statue, a cyan ugly thing
(summoned), a komodo dragon (summoned), a troll, 2 orc warriors, 2 killer bees
and 2 orcs.

Vanquished Creatures
  A two-headed ogre (D:9)
  Pikel (D:7)
  Joseph (D:8)
  A wyvern (D:7)
  4 hogs (D:8)
  A human (D:8)
  A steam dragon (D:6)
  Menkaure (D:7)
  A water moccasin (D:7)
  3 black bears
  An ice beast (D:7)
  2 ogres
  2 centaurs
  A phantom (D:5)
  A kobold brigand (D:8)
  A necrophage (D:4)
  A bullfrog (D:7)
  2 scorpions (D:7)
  10 killer bees (D:8)
  3 howler monkeys (D:8)
  A jelly (D:7)
  5 hounds
  4 iguanas
  3 orc wizards
  4 gnolls (D:8)
  4 adders
  3 shadow imps
  3 white imps
  3 worms
  3 dart slugs
  25 orcs
  6 ball pythons
  5 endoplasms
  A giant cockroach (D:1)
  11 goblins
  5 hobgoblins
  2 jackals (D:4)
  5 quokkas
  3 bats
  8 frilled lizards
  8 kobolds
  7 rats
158 creatures vanquished.

Notes
Turn   | Place    | Note
-------+----------+-------------------------------------------
     0 | D:1      | qw the Gargoyle Berserker began the quest for the Orb.
     0 | D:1      | Reached XP level 1. HP: 14/14 MP: 1/1
     0 | D:1      | 0 ||| qw: Version: 0.1-a-103-gd6f5d3a
     0 | D:1      | 0 ||| qw: Game counter: 5636
     0 | D:1      | 0 ||| qw: Always use a shield: true
     0 | D:1      | 0 ||| qw: Do Orc after D:15 true
     0 | D:1      | 0 ||| qw: Do second Lair branch before Depths: true
     0 | D:1      | 0 ||| qw: Lair rune preference: random
     0 | D:1      | 0 ||| qw: Plans: Normal
     0 | D:1      | 0 ||| PLANNING D:1-11
   268 | D:1      | Reached skill level 3 in Axes
   423 | D:1      | 423 ||| DROPPING +0 club.
   441 | D:1      | 441 ||| INVOKING Berserk.
   443 | D:1      | Reached XP level 2. HP: 10/19 MP: 2/2
  1317 | D:1      | 1317 ||| UPGRADING to +0 ring mail.
  1327 | D:1      | 1327 ||| DROPPING +0 animal skin.
  1328 | D:1      | 1328 ||| READING scroll labelled EQEAFUS RAIMM.
  1329 | D:1      | 1329 ||| READING scroll labelled ZAIXKE PEGOTZI.
  1330 | D:1      | 1330 ||| READING scroll labelled USUDGH YBOA.
  1331 | D:1      | 1331 ||| READING 3 scrolls labelled XOLOYR KEGIT.
  1406 | D:2      | Found Zamim's Jewellery Emporium.
  1415 | D:2      | 1415 ||| SHOPLISTING +4 ring of protection (504 gold, have
                  | 65).
  1415 | D:2      | 1415 ||| SHOPLISTING amulet of guardian spirit (420 gold,
                  | have 65).
  1415 | D:2      | 1415 ||| SHOPLISTING ring of fire (350 gold, have 65).
  1415 | D:2      | 1415 ||| SHOPLISTING ring of protection from fire (350
                  | gold, have 65).
  1415 | D:2      | 1415 ||| SHOPLISTING ring of resist corrosion (280 gold,
                  | have 65).
  1415 | D:2      | 1415 ||| SHOPLISTING ring of willpower (350 gold, have 65).
  1487 | D:2      | 1487 ||| Stepping ~*~*~tactically~*~*~ (hiding).
  1506 | D:2      | Reached XP level 3. HP: 23/23 MP: 3/3
  1617 | D:2      | 1617 ||| Stepping ~*~*~tactically~*~*~ (stealth).
  1632 | D:2      | Reached skill level 4 in Axes
  1804 | D:2      | Reached ** piety under Trog
  2152 | D:2      | Found a faded altar of an unknown god.
  2168 | D:2      | 2168 ||| UPGRADING to +0 chain mail.
  2178 | D:2      | 2178 ||| DROPPING +0 ring mail.
  2179 | D:2      | 2179 ||| READING scroll labelled BILAIL JAHERUSECS.
  2180 | D:2      | 2180 ||| READING scroll labelled RUH CIUG OWK.
  2181 | D:2      | 2181 ||| READING scroll labelled QAOTRA VEFRYI.
  2182 | D:2      | 2182 ||| DRINKING 2 viscous cyan potions.
  2393 | D:3      | 2393 ||| Stepping ~*~*~tactically~*~*~ (stealth).
  2535 | D:3      | 2535 ||| INVOKING Berserk.
  2540 | D:3      | Reached XP level 4. HP: 28/28 MP: 4/4
  2660 | D:3      | Found Raoptaam's Antique Armour Shoppe.
  2682 | D:3      | 2682 ||| Stepping ~*~*~tactically~*~*~ (stealth).
  2760 | D:3      | 2760 ||| FLEEEEING.
  2761 | D:3      | 2761 ||| FLEEEEING.
  2762 | D:3      | 2762 ||| STAIRDANCE
  2832 | D:2      | 2832 ||| DRINKING 2 emerald potions.
  2836 | D:3      | 2836 ||| STAIRDANCE
  2887 | D:3      | 2887 ||| BUYING cloak (112 gold).
  2887 | D:3      | Bought a cloak for 112 gold pieces
  2887 | D:3      | 2887 ||| SHOPLISTING glowing cloak (187 gold, have 0).
  2887 | D:3      | 2887 ||| SHOPLISTING glowing scale mail (175 gold, have 0).
  2887 | D:3      | 2887 ||| SHOPLISTING runed plate armour (650 gold, have 0).
  2887 | D:3      | 2887 ||| SHOPLISTING shiny chain mail (187 gold, have 0).
  2930 | D:3      | 2930 ||| Stepping ~*~*~tactically~*~*~ (stealth).
  2994 | D:3      | 2994 ||| Stepping ~*~*~tactically~*~*~ (hiding).
  3361 | D:3      | 3361 ||| UPGRADING to +0 cloak.
  3366 | D:3      | 3366 ||| READING scroll labelled RIAKYO GODDI.
  3367 | D:3      | 3367 ||| READING 2 scrolls of identify.
  3367 | D:3      | 3367 ||| IDENTIFYING viscous puce potion
  3368 | D:3      | 3368 ||| DROPPING potion of degeneration.
  3380 | D:4      | 3380 ||| STAIRDANCE
  3469 | D:4      | Reached skill level 5 in Axes
  3469 | D:4      | Reached XP level 5. HP: 32/32 MP: 5/5
  3523 | D:4      | Noticed an ogre
  3528 | D:4      | 3528 ||| INVOKING Berserk.
  3530 | D:4      | Killed an ogre
  3746 | D:4      | Noticed a black bear
  3751 | D:4      | 3751 ||| INVOKING Berserk.
  3757 | D:4      | Killed a black bear
  3758 | D:4      | Reached XP level 6. HP: 39/39 MP: 6/6
  3924 | D:4      | Reached skill level 6 in Axes
  4245 | D:4      | Reached skill level 3 in Armour
  4315 | D:4      | Reached XP level 7. HP: 44/44 MP: 7/7
  4454 | D:4      | 4454 ||| Stepping ~*~*~tactically~*~*~ (hiding).
  4456 | D:4      | 4456 ||| Stepping ~*~*~tactically~*~*~ (stealth).
  4490 | D:4      | 4490 ||| DROPPING +0 mace.
  4540 | D:4      | 4540 ||| READING 2 scrolls of identify.
  4540 | D:4      | 4540 ||| IDENTIFYING sedimented coppery potion
  4541 | D:4      | 4541 ||| DROPPING potion of brilliance.
  4574 | D:5      | Entered Level 5 of the Dungeon
  4633 | D:5      | Found a staircase to the Ecumenical Temple.
  4742 | D:5      | Found a shadowy altar of Dithmenos.
  4747 | D:5      | 4747 ||| Stepping ~*~*~tactically~*~*~ (hiding).
  4748 | D:5      | 4748 ||| Stepping ~*~*~tactically~*~*~ (hiding).
  4749 | D:5      | 4749 ||| Stepping ~*~*~tactically~*~*~ (hiding).
  4750 | D:5      | 4750 ||| Stepping ~*~*~tactically~*~*~ (hiding).
  4752 | D:5      | 4752 ||| Stepping ~*~*~tactically~*~*~ (hiding).
  4767 | D:5      | Reached skill level 7 in Axes
  4892 | D:5      | 4892 ||| Stepping ~*~*~tactically~*~*~ (hiding).
  5249 | D:5      | 5249 ||| READING scroll labelled RUSMAI JIGITWOWUNU.
  5350 | D:5      | 5350 ||| READING scroll labelled HAUNIPSYRO.
  5351 | D:5      | 5351 ||| READING scroll labelled WERUSCH ERCHUOSS.
  5352 | D:5      | 5352 ||| READING scroll labelled FIUGALACOXE.
  5353 | D:5      | 5353 ||| DRINKING 2 black potions.
  5354 | D:5      | 5354 ||| READING 4 scrolls of identify.
  5354 | D:5      | 5354 ||| IDENTIFYING golden potion
  5355 | D:5      | 5355 ||| DROPPING potion of ambrosia.
  5356 | D:5      | 5356 ||| DROPPING potion of invisibility.
  5378 | D:6      | Noticed a steam dragon
  5379 | D:6      | 5379 ||| Stepping ~*~*~tactically~*~*~ (stealth).
  5380 | D:6      | 5380 ||| INVOKING Berserk.
  5387 | D:6      | Killed a steam dragon
  5388 | D:6      | Reached XP level 8. HP: 51/51 MP: 8/8
  5624 | D:6      | Found a transporter.
  5836 | D:6      | Noticed qw's ghost (novice MiFi)
  5884 | D:6      | 5884 ||| INVOKING Berserk.
  6537 | D:6      | Found a transporter.
  6734 | D:6      | 6734 ||| UPGRADING to ring of willpower.
  6735 | D:6      | 6735 ||| DRINKING 2 lumpy blue potions.
  6736 | D:6      | 6736 ||| READING 4 scrolls of identify.
  6736 | D:6      | 6736 ||| IDENTIFYING grey potion
  6737 | D:6      | 6737 ||| DROPPING potion of attraction.
  6757 | D:7      | Noticed Menkaure
  6759 | D:7      | 6759 ||| INVOKING Berserk.
  6762 | D:7      | Killed Menkaure
  6816 | D:7      | Found an ornate altar of the Wu Jian Council.
  6864 | D:7      | Noticed a wyvern
  6865 | D:7      | 6865 ||| Stepping ~*~*~tactically~*~*~ (stealth).
  6875 | D:7      | 6875 ||| INVOKING Berserk.
  6877 | D:7      | Killed a wyvern
  6877 | D:7      | HP: 16/76 [iguana (10)]
  6878 | D:7      | Reached skill level 8 in Axes
  6879 | D:7      | Reached skill level 6 in Fighting
  7133 | D:7      | Noticed a moth of wrath
  7134 | D:7      | 7134 ||| Stepping ~*~*~tactically~*~*~ (stealth).
  7135 | D:7      | Noticed Pikel
  7142 | D:7      | 7142 ||| Stepping ~*~*~tactically~*~*~ (stealth).
  7144 | D:7      | 7144 ||| INVOKING Berserk.
  7152 | D:7      | Killed Pikel
  7153 | D:7      | Reached skill level 6 in Armour
  7153 | D:7      | Reached XP level 9. HP: 55/55 MP: 9/9
  7161 | D:7      | 7161 ||| FLEEEEING.
  7302 | D:7      | 7302 ||| INVOKING Berserk.
  7305 | D:7      | Found a bloodstained altar of Trog.
  7323 | D:7      | 7323 ||| FLEEEEING.
  7324 | D:7      | 7324 ||| FLEEEEING.
  7325 | D:7      | 7325 ||| FLEEEEING.
  7326 | D:7      | 7326 ||| FLEEEEING.
  7399 | D:7      | 7399 ||| INVOKING Berserk.
  7580 | D:7      | 7580 ||| Stepping ~*~*~tactically~*~*~ (hiding).
  7605 | D:7      | 7605 ||| SWAPPING to +0 war axe.
  7625 | D:7      | 7625 ||| DROPPING +1 hand axe of protection.
  7766 | D:7      | Reached skill level 9 in Axes
  8009 | D:7      | 8009 ||| INVOKING Berserk.
  8222 | D:7      | Identified the +5 scimitar of the Doomed God {freeze,
                  | Str+5}
  8223 | D:7      | 8223 ||| UPGRADING to +0 buckler.
  8228 | D:7      | 8228 ||| READING scroll labelled PEHYIN DANAMN.
  8295 | D:8      | 8295 ||| Stepping ~*~*~tactically~*~*~ (hiding).
  8316 | D:8      | Reached skill level 1 in Shields
  8322 | D:8      | 8322 ||| INVOKING Berserk.
  8322 | D:8      | HP: 19/82 [killer bee (7)]
  8326 | D:8      | Reached skill level 3 in Shields
  8328 | D:8      | HP: 14/82 [killer bee (6)]
  8340 | D:8      | 8340 ||| READING 6 scrolls of teleportation.
  8341 | D:8      | 8341 ||| DRINKING potion of heal wounds.
  8347 | D:8      | Reached *** piety under Trog
  8486 | D:8      | 8486 ||| INVOKING Berserk.
  8563 | D:8      | 8563 ||| Stepping ~*~*~tactically~*~*~ (stealth).
  8564 | D:8      | 8564 ||| Stepping ~*~*~tactically~*~*~ (stealth).
  8565 | D:8      | 8565 ||| INVOKING Berserk.
  8752 | D:8      | 8752 ||| READING scroll of enchant weapon.
  8752 | D:8      | 8752 ||| ENCHANTING +0 war axe.
  8803 | D:8      | 8803 ||| INVOKING Berserk.
  8807 | D:8      | Reached XP level 10. HP: 28/63 MP: 10/10
  8808 | D:8      | Reached skill level 10 in Axes
  8809 | D:8      | HP: 18/94 [hog (10)]
  8819 | D:8      | 8819 ||| READING 5 scrolls of teleportation.
  8819 | D:8      | HP: 3/63 [human/+0 hand axe (10)]
  8911 | D:8      | Noticed Joseph
  8912 | D:8      | HP: 15/63 [Joseph/sling bullet (10)]
  8913 | D:8      | 8913 ||| READING 4 scrolls of teleportation.
  8917 | D:8      | 8917 ||| INVOKING Berserk.
  8936 | D:8      | HP: 12/63 [Joseph/sling bullet (5)]
  8937 | D:8      | 8937 ||| READING 3 scrolls of teleportation.
  8938 | D:8      | HP: 1/63 [Joseph/+0 quarterstaff (10)]
  9097 | D:8      | 9097 ||| INVOKING Berserk.
  9108 | D:8      | HP: 21/94 [Joseph/+0 quarterstaff (6)]
  9111 | D:8      | Killed Joseph
  9377 | D:8      | Found Lerionie's Antique Weapon Shop.
  9431 | D:8      | Found a shimmering blue altar of Sif Muna.
  9628 | D:8      | 9628 ||| UPGRADING to +0 pair of boots.
  9633 | D:8      | 9633 ||| UPGRADING to +0 pair of gloves.
  9638 | D:8      | 9638 ||| READING 5 scrolls of identify.
  9638 | D:8      | 9638 ||| IDENTIFYING inky potion
  9639 | D:8      | 9639 ||| READING 4 scrolls of identify.
  9639 | D:8      | 9639 ||| IDENTIFYING clear potion
  9640 | D:8      | 9640 ||| DROPPING potion of magic.
  9664 | D:9      | 9664 ||| STAIRDANCE
  9681 | D:9      | 9681 ||| STAIRDANCE
  9693 | D:9      | 9693 ||| STAIRDANCE
  9835 | D:9      | Noticed a two-headed ogre
  9838 | D:9      | 9838 ||| INVOKING Berserk.
  9842 | D:9      | Killed a two-headed ogre
  9931 | D:9      | Found a staircase to the Orcish Mines.
  9996 | D:9      | Noticed an orange crystal statue
 10001 | D:9      | 10001 ||| INVOKING Berserk.
 10011 | D:9      | Noticed a cyan ugly thing
 10014 | D:9      | 10014 ||| DRINKING 3 potions of curing.
 10014 | D:9      | 10014 ||| (to cure confusion)
 10015 | D:9      | Noticed a death yak
 10015 | D:9      | HP: 13/64 [cyan ugly thing[an orange crystal statue] (11)]
 10015 | D:9      | Slain by an orc warrior

Levels and vault maps discovered:
D:1:      sevenhm_arrival_forest_fort_small_3, layout_basic, dk_noncrumbling_2,
          patterned_corridor
D:2:      layout_basic, serial_shops, shop_statue,
          dreamdust_ecumenical_altar_grove
D:3:      layout_loops_cross, serial_shops, nicolae_shop_advertising_works
          [nicolae_subvault_shop_adworks]
D:4:      kennysheep_six_static_rooms, layout_basic
D:5:      layout_rooms, nicolae_dithmenos_shadow_blocks, temple_statues
D:6:      layout_layer_cave, gammafunk_ghost_stat_death, minmay_holes
D:7:      layout_basic, nzn_wu_jian_council_hall, tgw_trog, uniq_pikel,
          uniq_menkaure
D:8:      layout_rooms, led_sif_pool, nicolae_take_the_stairs, grunt_livestock,
          uniq_joseph
D:9:      layout_layer_cave, dpeg_lair_monsters, orc_0_dummy, minivault_16

Skill      XL: |  1  2  3  4  5  6  7  8  9 10 |
---------------+-------------------------------+-----
Axes           | 3 4 5 6 7 8 9 10 | 10.1
Fighting       | 4 5 6 7 8 |  8.2
Armour         | 3 6 |  6.6
Throwing       | 2 |  2.0
Shields        | 4 5 |  5.8
Dodging        | |  1.5

Action                   |  1- 3 |  4- 6 |  7- 9 | 10-12 || total
-------------------------+-------+-------+-------+-------++-------
Melee: Hand axe          |   103 |   152 |   167 |       ||   422
       Punch             |       |     1 |     3 |       ||     4
       War axe           |       |       |   137 |    57 ||   194
Throw: Boomerang         |       |       |    33 |       ||    33
Invok: Berserk           |     2 |     2 |    12 |     4 ||    20
  Use: Scroll            |     7 |     2 |    10 |     5 ||    24
       Potion            |     1 |     1 |     3 |     1 ||     6
 Stab: Invisible         |       |       |     2 |       ||     2
Armor: Animal skin       |     5 |       |       |       ||     5
       Ring mail         |    16 |       |       |       ||    16
       Chain mail        |    16 |    72 |   247 |    24 ||   359
Dodge: Dodged            |    42 |    55 |   152 |    28 ||   277
Block: Buckler           |       |       |    26 |     9 ||    35

Table legend:
 A = Non-vault XP
 B = Vault XP
 C = Vault XP percentage of total XP
 D = Non-vault monster count
 E = Vault monster count
 F = Vault count percentage of total count
                 A         B        C        D         E       F
            +---------+---------+-------+---------+---------+-------
      Total |    4433 |    2413 |  35.2 |     139 |      19 |  12.0
            +---------+---------+-------+---------+---------+-------
        D:1 |      16 |       0 |   0.0 |      11 |       0 |   0.0
        D:2 |      40 |       0 |   0.0 |      18 |       0 |   0.0
        D:3 |      81 |       0 |   0.0 |      19 |       0 |   0.0
        D:4 |     412 |     119 |  22.4 |      22 |       6 |  21.4
        D:5 |     365 |       0 |   0.0 |      11 |       0 |   0.0
        D:6 |     361 |       0 |   0.0 |       6 |       0 |   0.0
        D:7 |    1045 |     811 |  43.7 |      22 |       7 |  24.1
        D:8 |    1228 |    1483 |  54.7 |      27 |       6 |  18.2
        D:9 |     885 |       0 |   0.0 |       3 |       0 |   0.0
            +---------+---------+-------+---------+---------+-------
